 Dungeon Crawl Stone Soup version 0.25-a0-253-g6f1b5d974a (webtiles) character file.

Game seed: 17787077016502135640, levelgen mode: classic

20003 Borgoz the Cruncher (level 12, -6/114 HPs)
             Began as a Gargoyle Gladiator on Dec 5, 2019.
             Was a Believer of Ashenzari.
             Mangled by a polar bear (19 damage)
             ... in an ice cave.
             The game lasted 00:28:48 (13526 turns).

Borgoz the Cruncher (Gargoyle Gladiator)           Turns: 13526, Time: 00:28:49

Health: -6/114     AC: 31    Str: 20    XL:     12   Next: 74%
Magic:  12/12      EV:  2    Int: 10    God:    Ashenzari [**....]
Gold:   520        SH:  4    Dex: 13    Spells: 10/11 levels left

rFire    + . .     SeeInvis .   a - +0 quarterstaff
rCold    . . .     Gourm    .   (shield currently unavailable)
rNeg     + + +     Faith    .   (armour currently unavailable)
rPois    ∞         Spirit   .   (helmet currently unavailable)
rElec    .         Reflect  +   (cloak currently unavailable)
rCorr    .         Harm     .   (gloves currently unavailable)
MR       .....     NoTele   +   (boots currently unavailable)
Stlth    +.........             J - +4 amulet of reflection
HPRegen  0.29/turn              D - ring of protection from fire
MPRegen  0.13/turn              M - +5 ring of protection

@: tree-form
A: negative energy resistance 1, petrification resistance, rot immunity, AC +8
a: Curse Item, Scrying, Renounce Religion


You were in an ice cave.
You worshipped Ashenzari.
Ashenzari was pleased with you.
You were hungry.
You were a tree.
You visited 2 branches of the dungeon, and saw 12 of its levels.
You also visited: Ice Cave.

You collected 692 gold pieces.
You spent 172 gold pieces at shops.

Inventory:

Hand Weapons
 a - a +0 quarterstaff (weapon)
 n - the +7 spear of Megalomania {flame, -Tele rElec Int+6}
   (You found it in an ice cave)

   It has been specially enchanted to burn those struck by it, causing extra
   injury to most foes and up to half again as much damage against particularly
   susceptible opponents.
   It affects your intelligence (+6).
   It insulates you from electricity.
   It prevents most forms of teleportation.
 B - the +12 mace "Conservator" {venom, rElec rPois SInv}
   (You found it on level 6 of the Dungeon)

   It poisons the flesh of those it strikes.
   It insulates you from electricity.
   It protects you from poison.
   It lets you see invisible.
Armour
 c - a +0 helmet (melded)
 v - +0 ice dragon scales (melded)
 w - the +1 pair of boots of the Wilderness {rElec MR+ Int+4}
   (You found it on level 11 of the Dungeon)

   It affects your intelligence (+4).
   It insulates you from electricity.
   It affects your resistance to hostile enchantments.
 y - the +2 chain mail of the Monkey's Uncle {rPois rF- rCorr Str+3 Int-4}
   (You found it on level 6 of the Dungeon)

   It affects your strength (+3).
   It affects your intelligence (-4).
   It makes you vulnerable to fire.
   It protects you from poison.
   It provides partial protection from all sources of acid and corrosion.
 E - a cursed +0 pair of boots (melded)
 H - a +2 chain mail of magic resistance
 L - a +0 cloak of magic resistance (melded)
 O - a +1 ring mail of fire resistance
 P - the +2 pair of gloves of the Dragon (melded) {rPois Stlth+}
   (You found it on level 9 of the Dungeon)

   It protects you from poison.
   It makes you more stealthy.
Jewellery
 j - an uncursed ring of ice
 l - an uncursed ring of stealth
 C - an uncursed ring of magical power
 D - a ring of protection from fire (left branch)
 J - a +4 amulet of reflection (around neck)
 K - a +3 ring of protection
 M - a +5 ring of protection (right branch)
 S - an uncursed ring of flight
Wands
 b - a wand of iceblast (9)
 i - a wand of enslavement (13)
 G - a wand of random effects (20)
Scrolls
 d - 2 scrolls of magic mapping {unknown}
 e - a scroll of identify
 k - 6 scrolls of remove curse
 m - a scroll of immolation {unknown}
 o - 3 scrolls of blinking
 r - 2 scrolls of amnesia {unknown}
 s - 3 scrolls of enchant weapon {unknown}
 t - a scroll of fear {unknown}
 x - 4 scrolls of teleportation
 F - 2 scrolls of random uselessness {unknown}
 Q - a scroll of vulnerability {unknown}
 R - a scroll of fog
Potions
 g - a potion of haste
 p - 3 potions of mutation
 q - a potion of cancellation
 u - 2 potions of might
 z - a potion of agility
 A - a potion of magic
 I - a potion of curing
 N - 2 potions of lignification
 U - a potion of flight {unknown}
Comestibles
 f - 20 rations
 T - 7 chunks of flesh


   Skills:
 + Level 9.2 Fighting
 * Level 11.9 Staves
 - Level 1.7 Throwing
 + Level 8.9 Armour
 * Level 10.2 Dodging
 - Level 5.0 Hexes


You had 10 spell levels left.
You knew the following spells:

 Your Spells              Type           Power        Failure   Level  Hunger
a - Confusing Touch       Hex            ##....       4%          1    ##.....

Your spell library contained the following spells:

 Spells                   Type           Power        Failure   Level  Hunger


Dungeon Overview and Level Annotations

Branches:
Dungeon (11/15)            Temple (1/1) D:6            Lair (0/6) D:10
    Orc (0/2) D:9           IceCv (1/1)

Altars:
Ashenzari
Cheibriados
Dithmenos
Elyvilon
Fedhas
Gozag
Hepliaklqana
Kikubaaqudgha
Makhleb
Nemelex Xobeh
Okawaru
Qazlal
Ru
Sif Muna
Trog
Uskayaw
Vehumet
Wu Jian
Xom
Yredelemnul
Zin
The Shining One

Shops:
D:8 [   D:11 [


Innate Abilities, Weirdness & Mutations

You are resistant to torment.
((Your stone body is resilient. (AC +8)))
You are immune to poison.
You resist negative energy. (rN+)
((You are resistant to electric shocks. (rElec)))
((You can survive without breathing.))
You are immune to petrification.
You are immune to rotting.


Message History

The polar bear goes berserk!
You barely miss the polar bear.
The polar bear is severely wounded.
The polar bear bites you!
* * * LOW HITPOINT WARNING * * *
The polar bear claws you but does no damage. x2
You completely miss the polar bear.
The polar bear is severely wounded.
The polar bear bites you!
* * * LOW HITPOINT WARNING * * *
The polar bear claws you but does no damage. x2
You hit the polar bear but do no damage.
The polar bear is severely wounded.
The polar bear bites you.
* * * LOW HITPOINT WARNING * * *
You block the polar bear's attack. x2
You barely miss the polar bear.
The polar bear is severely wounded.
The polar bear bites you!!
You die...

* #..
*##..#*
*#....*
,
,....#*
#..h ,
#hh##
**,**
#Yh# *
≈ *#h#
, ##♣#
* ≈≈
#.## ≈
#.## ,
≈ #..#
** *≈
##.# ,
##.# ∩
###.##
≈*
##.#.#
≈≈ ≈
#....#


You could see 5 polar bears and a yak.

Vanquished Creatures
  A white draconian (IceCv)
  2 death yaks (IceCv)
  2 two-headed ogres
  Nergalle (D:10)
  2 unseen horrors (D:10)
  Pikel (D:4)
  An ice statue (IceCv)
  2 trolls
  12 polar bears (IceCv)
  3 hippogriffs
  Grinder (D:3)
  2 wyverns
  16 yaks
  Eustachio (D:4)
  3 hogs (D:8)
  A human (D:8)
  A hungry ghost (D:9)
  3 wargs (D:10)
  Menkaure (D:4)
  4 water moccasins
  5 orc warriors
  4 slaves (D:4)
  2 phantoms (D:8)
  4 sky beasts
  2 black bears
  A swamp drake (D:9)
  2 ice beasts
  14 wolves (IceCv)
  5 ogres
  2 centaurs
  2 crocodiles
  2 big kobolds
  9 bullfrogs
  3 scorpions
  5 killer bees (D:9)
  2 howler monkeys (D:10)
  A centaur skeleton (D:5)
  7 hounds
  A quasit (D:8)
  10 orc priests
  3 jellies
  18 orc wizards
  3 iguanas
  2 bullfrog skeletons (D:10)
  6 worker ants
  A killer bee zombie (D:9)
  A hound zombie (D:6)
  2 hound skeletons
  A howler monkey zombie (D:5)
  A worker ant zombie (D:9)
  12 adders
  10 gnolls
  3 shadow imps
  12 white imps (D:11)
  3 oozes
  2 adder skeletons
  3 worms
  A dart slug (D:2)
  6 leopard geckos
  49 orcs
  4 ball pythons
  6 giant cockroaches
  5 goblins
  10 hobgoblins
  13 jackals
  6 quokkas
  5 bats
  2 frilled lizards
  A jackal zombie (D:6)
  21 kobolds
  5 rats
360 creatures vanquished.

Vanquished Creatures (others)
  A plant (D:4)
1 creature vanquished.

Grand Total: 361 creatures vanquished

Notes
Turn   | Place    | Note
-------+----------+-------------------------------------------
     0 | D:1      | Borgoz the Gargoyle Gladiator began the quest for the Orb.
     0 | D:1      | Reached XP level 1. HP: 12/12 MP: 1/1
   279 | D:1      | Reached XP level 2. HP: 17/17 MP: 2/2
   611 | D:1      | Reached XP level 3. HP: 17/22 MP: 3/3
   748 | D:2      | Reached skill level 1 in Armour
   834 | D:2      | Found a shattered altar of Ashenzari.
   969 | D:2      | Became a worshipper of Ashenzari the Shackled
  1017 | D:2      | Reached XP level 4. HP: 20/27 MP: 4/4
  1788 | D:3      | Reached skill level 4 in Staves
  2025 | D:3      | Reached XP level 5. HP: 22/32 MP: 5/5
  3122 | D:3      | Noticed Grinder
  3204 | D:3      | Killed Grinder
  3204 | D:3      | Reached XP level 6. HP: 16/37 MP: 6/6
  3548 | D:4      | Found an opulent altar of Gozag.
  3560 | D:4      | Reached skill level 5 in Staves
  3584 | D:4      | Reached XP level 7. HP: 37/41 MP: 7/7
  3740 | D:4      | Noticed Eustachio
  3743 | D:4      | Noticed Menkaure
  3832 | D:4      | Killed Eustachio
  4044 | D:4      | Reached XP level 8. HP: 26/48 MP: 8/8
  4057 | D:4      | Reached skill level 6 in Staves
  4057 | D:4      | Reached skill level 5 in Dodging
  4214 | D:4      | Reached * piety under Ashenzari
  4280 | D:4      | Noticed Pikel
  4332 | D:4      | Killed Pikel
  4341 | D:4      | Killed Menkaure
  4684 | D:4      | Found a shimmering blue altar of Sif Muna.
  4926 | D:5      | Entered Level 5 of the Dungeon
  5094 | D:5      | Reached skill level 5 in Fighting
  5261 | D:5      | Reached skill level 7 in Staves
  5813 | D:6      | Found a shadowy altar of Dithmenos.
  5845 | D:6      | Reached XP level 9. HP: 54/54 MP: 9/9
  5908 | D:6      | Got the uncursed chain mail of the Monkey's Uncle {rPois
                  | rF- rCorr Str+3 Int-4}
  5919 | D:6      | Identified the +2 chain mail of the Monkey's Uncle {rPois
                  | rF- rCorr Str+3 Int-4} (You found it on level 6 of the
                  | Dungeon)
  5957 | D:6      | Got the mace "Conservator" {venom, rElec rPois SInv}
  6015 | D:6      | Found a staircase to the Ecumenical Temple.
  6036 | Temple   | Entered the Ecumenical Temple
  6152 | D:6      | Reached skill level 5 in Armour
  6645 | D:6      | Found a radiant altar of Vehumet.
  6649 | D:6      | Found an ancient bone altar of Kikubaaqudgha.
  6650 | D:6      | Found a shimmering blue altar of Sif Muna.
  6653 | D:6      | Identified Sif Muna's Tome of Execration
  6673 | D:6      | Learned a level 1 spell: Confusing Touch
  7211 | D:7      | Reached skill level 8 in Staves
  7367 | D:7      | Reached skill level 1 in Hexes
  7387 | D:7      | Found a hazy altar of Hepliaklqana.
  7498 | D:7      | Reached ** piety under Ashenzari
  7739 | D:8      | Reached XP level 10. HP: 61/61 MP: 10/10
  8184 | D:8      | Found Huoligeo's Armour Emporium.
  8202 | D:8      | Bought a +0 cloak of magic resistance for 172 gold pieces
  8226 | D:8      | Noticed a two-headed ogre
  8250 | D:8      | Killed a two-headed ogre
  8250 | D:8      | Reached skill level 9 in Staves
  9066 | D:9      | Found a blossoming altar of Fedhas.
  9160 | D:9      | Found a sparkling altar of Nemelex Xobeh.
  9178 | D:9      | Reached XP level 11. HP: 63/67 MP: 11/11
  9387 | D:9      | Got the uncursed pair of gloves of the Dragon {rPois
                  | Stlth+}
  9398 | D:9      | Identified the +2 pair of gloves of the Dragon {rPois
                  | Stlth+} (You found it on level 9 of the Dungeon)
  9458 | D:9      | Found a white marble altar of Elyvilon.
  9458 | D:9      | Found a sparkling altar of Nemelex Xobeh.
  9459 | D:9      | Found a sacrificial altar of Ru.
  9635 | D:9      | Found a staircase to the Orcish Mines.
  9696 | D:9      | Reached skill level 10 in Staves
 10075 | D:10     | Entered Level 10 of the Dungeon
 10174 | D:10     | Killed an unseen horror
 10300 | D:10     | Noticed a two-headed ogre
 10303 | D:10     | Noticed Nergalle
 10324 | D:10     | Noticed a spectral orc warlord
 10324 | D:10     | Killed a two-headed ogre
 10341 | D:10     | Noticed a spectral orc warlord
 10366 | D:10     | Killed Nergalle
 10875 | D:10     | Found a staircase to the Lair.
 11370 | D:10     | Killed an unseen horror
 11764 | D:11     | Found Konias's Antique Armour Shop.
 11931 | D:11     | Identified the +1 pair of boots of the Wilderness {rElec
                  | MR+ Int+4}
 12017 | D:11     | Found a frozen archway.
 12094 | IceCv    | Entered an ice cave
 12280 | IceCv    | Reached XP level 12. HP: 54/74 MP: 12/12
 12428 | IceCv    | Reached skill level 11 in Staves
 12428 | IceCv    | Reached skill level 5 in Hexes
 12611 | IceCv    | Got the spear of Megalomania {flame, -Tele rElec Int+6}
 12770 | IceCv    | Noticed a death yak
 12777 | IceCv    | Noticed a death yak
 12790 | IceCv    | Killed a death yak
 12806 | IceCv    | Killed a death yak
 13290 | IceCv    | Reached skill level 10 in Dodging
 13389 | IceCv    | Noticed a white draconian
 13442 | IceCv    | Killed a white draconian
 13526 | IceCv    | Mangled by a polar bear

Levels and vault maps discovered:
D:1:      dpeg_arrival_arbitrary_a, layout_basic
D:2:      layout_rooms, ashenzari_altar_1
D:3:      layout_loops_corners, first_ration, uniq_grinder
D:4:      layout_basic, nicolae_gozag_seed_capital, serial_bayou,
          serial_bayou_ford_a, serial_bayou_pond_c, serial_bayou_pond_b,
          serial_bayou_pond_e, led_sif_pool, uniq_menkaure, uniq_pikel,
          uniq_eustachio
D:5:      layout_layer_cave
D:6:      minmay_cornered_nines, layout_layer_cave,
          grunt_temple_overflow_magic_moments, nicolae_overflow_crystal_walls,
          minmay_temple_entry_stoned_glass, st_stairs_5
D:7:      layout_loops_ring, overflow_temple_1_default, serial_rivers,
          chequers_serial_rivers_large_b, chequers_serial_rivers_small_3,
          chequers_serial_rivers_room_b, chequers_serial_rivers_room_b,
          chequers_serial_rivers_large_a, serial_bayou_pond_e
D:8:      layout_loops_cross, serial_shops, shop, grunt_livestock
D:9:      layout_rooms, nicolae_overflow_quartered_altars, erik_orc_1,
          nemelex_xobeh_ov_fountains_minmay
D:10:     layout_gridville, erik_lair_orcish_takeover, uniq_nergalle
D:11:     layout_cave_pools, serial_shops, shop, portal_ice_cave_entry_imps
Temple:   jpeg_temple_clearing
IceCv:    ice_cave_caverns_03

Skill      XL: |  1  2  3  4  5  6  7  8  9 10 11 12 |
---------------+-------------------------------------+-----
Armour         | 1 2 3 4 5 6 7 8 |  8.9
Dodging        | 3 4 5 7 8 9 10 | 10.2
Staves         | 4 5 7 8 9 10 11 | 11.9
Fighting       | 3 4 5 6 7 8 9 |  9.2
Hexes          | 1 3 4 5 |  5.0
Throwing       | |  1.7

Action                   |  1- 3 |  4- 6 |  7- 9 | 10-12 || total
-------------------------+-------+-------+-------+-------++-------
Melee: Quarterstaff      |   112 |   236 |   505 |  1546 ||  2399
Throw: Throwing net      |       |       |       |     3 ||     3
  Use: Potion            |       |       |     2 |     6 ||     8
       Scroll            |       |       |       |    12 ||    12
 Stab: Held in net/web   |       |       |       |     1 ||     1
  Eat: Chunk             |     1 |     6 |    11 |    21 ||    39
       Ration            |       |       |     1 |     1 ||     2
Armor: Leather armour    |    47 |    71 |       |       ||   118
       Ice dragon scales |       |    29 |   351 |   687 ||  1067
       Chain mail        |       |       |       |   194 ||   194
       Skin              |       |       |       |    39 ||    39
Dodge: Dodged            |    84 |   204 |   353 |   866 ||  1507
Block: Other             |       |       |       |   137 ||   137
       Reflection        |       |       |       |     2 ||     2

Table legend:
 A = Non-vault XP
 B = Vault XP
 C = Vault XP percentage of total XP
 D = Non-vault monster count
 E = Vault monster count
 F = Vault count percentage of total count
                 A         B        C        D         E       F
            +---------+---------+-------+---------+---------+-------
      Total |   12992 |   15585 |  54.5 |     263 |      93 |  26.1
            +---------+---------+-------+---------+---------+-------
        D:1 |      40 |       0 |   0.0 |      21 |       0 |   0.0
        D:2 |     102 |       0 |   0.0 |      28 |       0 |   0.0
        D:3 |     140 |     267 |  65.6 |      24 |       1 |   4.0
        D:4 |     674 |     805 |  54.4 |      25 |       3 |  10.7
        D:5 |     208 |       0 |   0.0 |       8 |       0 |   0.0
        D:6 |     521 |     453 |  46.5 |      15 |       5 |  25.0
        D:7 |     916 |       0 |   0.0 |      14 |       0 |   0.0
        D:8 |    2896 |     984 |  25.4 |      41 |       5 |  10.9
        D:9 |    2874 |     580 |  16.8 |      51 |      17 |  25.0
       D:10 |    4279 |    1429 |  25.0 |      30 |       8 |  21.1
       D:11 |     342 |     124 |  26.6 |       6 |      12 |  66.7
      IceCv |       0 |   10943 | 100.0 |       0 |      42 | 100.0
            +---------+---------+-------+---------+---------+-------
